 Dungeon Crawl Stone Soup version 0.31.0-12-g77e489cdc1 (webtiles) character file.

Game seed: 5716451467772607604

524 SpectrumWave the Trooper (level 7, -1/52 HPs)
             Began as an Octopode Monk on Mar 2, 2024.
             Incinerated by a bombardier beetle (4 damage)
             ... with a burning spray
             ... on level 3 of the Dungeon.
             The game lasted 00:04:32 (3391 turns).

SpectrumWave the Trooper (Octopode Monk)            Turns: 3391, Time: 00:04:32

Health: -1/52      AC:  5    Str: 11    XL:     7   Next: 22%
Magic:  10/10      EV: 14    Int: 14    God:
Gold:   108        SH:  0    Dex: 14    Spells: 10/10 levels left

rFire   . . .        n - +0 trident
rCold   + . .        c - orb {light}
rNeg    . . .        (helmet restricted)
rPois   .            (no amulet)
rElec   .            C - ring of protection from cold
rCorr   .            T - +4 ring of protection
SInv    .            (no ring)
Will    .....        (no ring)
Stlth   +            (no ring)
HPRegen 0.28/turn    (no ring)
MPRegen 0.12/turn    (no ring)
                     (no ring)

%: no passive effects
@: on fire, glowing
A: almost no armour, amphibious, 8 rings, camouflage 1, gelatinous body 1,
(nimble swimmer 1), tentacles
a: no special abilities


You were on level 3 of the Dungeon.
You visited 1 branch of the dungeon, and saw 4 of its levels.

You collected 108 gold pieces.


Innate Abilities, Weirdness & Mutations

You cannot wear most types of armour.
You are amphibious.
You can wear up to eight rings at the same time.
Your skin changes colour to match your surroundings (Stealth+).
Your rubbery body absorbs attacks. (AC +1, EV +1)
((You are camouflaged when in or above water. (Stealth+)))
You have tentacles for arms and can constrict up to eight enemies at once.


   Skills:
 - Level 6.0 Fighting
 + Level 3.7 Polearms
 - Level 2.0 Throwing
 - Level 4.0 Dodging
 - Level 2.0 Spellcasting
 - Level 2.0 Evocations


You had 10 spell levels left.
You didn't know any spells.
Your spell library contained the following spells:

 Spells                   Type           Power      Damage    Failure   Level
 Iskenderun's Battlesphe  Conj           1%         2d6       100%        5
 Bombard                  Conj/Erth      0%         9d1       100%        6
 Spellforged Servitor     Conj/Summ      0%         N/A       100%        7

Inventory:

Hand Weapons
 n - a +0 trident (weapon)
Missiles
 a - a throwing net {=f}
 i - a poisoned dart (quivered)
Armour
 c - an orb of light (worn)
Jewellery
 C - a ring of protection from cold (left tentacle)
 T - a +4 ring of protection (right tentacle)
Wands
 k - a wand of flame (26)
Scrolls
 e - 2 scrolls of vulnerability {unknown}
 f - 2 scrolls of fog {unknown}
 g - a scroll of identify {unknown}
 l - a scroll of noise {unknown}
 m - a scroll of fear {unknown}
Potions
 b - a potion of ambrosia
 d - 2 potions of haste {unknown}
 h - 2 potions of heal wounds {unknown}
 j - a potion of curing {unknown}

Dungeon Overview and Level Annotations

Branches:
Dungeon (4/15)
 Temple: D:4-7

Altars:
Elyvilon
Yredelemnul

Annotations:
D:4 Pikel

.# #.#.# ##.# #..###############
.# #.#.# #.###..#..............
.###.#.# #...#..#.###########..
...#.#)# ###.#..#.# ##.#
.......## #.#..#.# ###..#
........# #....#.# ######...##
♣▒▒▒▒▒▒.## ##...#.###......###
▒♣♣♣♣♣▒..######))÷#............#
♣....♣▒▒......[.@...##.........#
⌠.....♣▒.....###..#.##.........#
.⚑....♣▒▒.........#.##.........#
⌠.....♣♣▒....###....##.........#
♣......♣▒....# #################
▒♣.....♣▒....# #..........#
▒♣.....♣▒....# #..........#
♣♣.....♣▒....# #..........#
♣♣....♣▒▒.#.## #####..........##


There were no monsters in sight!


Message History

You hit the orc.
You kill the orc!
The liquid fire burns you!
No target in view!
No target in view!
You are on fire!
Unknown command.
The liquid fire burns you!
Unknown command.
The liquid fire burns you!
* * * LOW HITPOINT WARNING * * *
Unknown command.
The liquid fire burns you!
* * * LOW HITPOINT WARNING * * *
Unknown command.
The liquid fire burns you!
* * * LOW HITPOINT WARNING * * *
The liquid fire burns you!
* * * LOW HITPOINT WARNING * * *
Unknown command.
The liquid fire burns you!
* * * LOW HITPOINT WARNING * * *
Unknown command.
The liquid fire burns you!
* * * LOW HITPOINT WARNING * * *
Unknown command.
The liquid fire burns you!
* * * LOW HITPOINT WARNING * * *
The liquid fire burns you!
You die...

Skill      XL: |  1  2  3  4  5  6  7 |
---------------+----------------------+-----
Fighting       | 4 5 6 |  6.0
Spellcasting   | 2 |  2.0
Dodging        | 4 |  4.0
Evocations     | 2 |  2.0
Throwing       | 1 2 |  2.0
Polearms       | |  3.7

Action                     |  1- 3 |  4- 6 |  7- 9 || total
---------------------------+-------+-------+-------++-------
  Melee: Spear             |    57 |    76 |       ||   133
         Tentacles         |     9 |    21 |     5 ||    35
         Constrict         |    14 |    18 |     6 ||    38
         Trident           |       |     8 |    20 ||    28
         Punch             |       |     1 |     1 ||     2
  Throw: Dart              |       |       |     2 ||     2
   Stab: Sleeping          |     8 |     1 |       ||     9
 Armour: Skin              |    11 |    44 |    17 ||    72
  Dodge: Dodged            |    12 |    60 |    19 ||    91

Levels and vault maps discovered:
D:1:      scummos_arrival_simple_crosswalls, layout_loops_corners,
          grunt_decor_resistance
D:2:      layout_loops_cross, uniq_natasha
D:3:      layout_basic, kennysheep_ying_yang, uniq_grinder
D:4:      layout_gridville, tgw_fedhas, mainiacjoe_overflow_swirl, uniq_duvessa,
          uniq_pikel

Notes
Turn   | Place    | Note
-------+----------+-------------------------------------------
     0 | D:1      | SpectrumWave the Octopode Monk began the quest for the Orb.
     0 | D:1      | Reached XP level 1. HP: 16/16 MP: 1/1
   106 | D:1      | Reached XP level 2. HP: 17/21 MP: 2/2
   902 | D:2      | Reached skill level 4 in Fighting
   913 | D:2      | Reached XP level 3. HP: 27/27 MP: 3/3
  1185 | D:2      | Noticed Natasha
  1190 | D:2      | Killed Natasha
  1191 | D:2      | Reached XP level 4. HP: 17/34 MP: 4/4
  1316 | D:2      | Reached skill level 5 in Fighting
  1527 | D:2      | Noticed Natasha
  1535 | D:2      | Killed Natasha
  1536 | D:2      | Reached skill level 1 in Spellcasting
  1651 | D:2      | Noticed Natasha
  1655 | D:2      | Killed Natasha
  1656 | D:2      | Reached skill level 2 in Spellcasting
  1656 | D:2      | Reached XP level 5. HP: 12/39 MP: 6/8
  2156 | D:3      | Noticed Grinder
  2171 | D:3      | Killed Grinder
  2172 | D:3      | Reached skill level 4 in Dodging
  2172 | D:3      | Reached skill level 2 in Evocations
  2172 | D:3      | Reached skill level 1 in Throwing
  2172 | D:3      | Reached XP level 6. HP: 15/45 MP: 9/9
  2305 | D:3      | Found a basalt altar of Yredelemnul.
  2452 | D:3      | Found a white marble altar of Elyvilon.
  2763 | D:4      | Noticed Pikel
  2813 | D:3      | Reached skill level 2 in Throwing
  2974 | D:3      | Reached XP level 7. HP: 35/51 MP: 10/10
  2977 | D:3      | Reached skill level 6 in Fighting
  3390 | D:3      | HP: 3/52 [burnt (5)]
  3391 | D:3      | Incinerated by a bombardier beetle

Vanquished Creatures
  Grinder (D:3)
  3 orc priests
  Natasha (thrice) (D:2)
  2 orc wizards (D:3)
  2 gnolls (D:3)
  3 adders
  A dart slug (D:2)
  A ribbon worm (D:2)
  6 orcs
  7 ball pythons
  8 bats
  4 endoplasms
  2 giant cockroaches
  6 goblins
  6 hobgoblins
  3 jackals (D:3)
  A kobold (D:3)
  4 quokkas (D:2)
  5 frilled lizards
  4 rats
72 creatures vanquished.

Table legend: (Time is in decaauts)
 A = Elapsed time spent in this place.
 B = Non-inter-level travel time spent in this place.
 C = Inter-level travel time spent in this place.
 D = Time resting spent in this place.
 E = Time spent auto-exploring this place.
 F = Levels seen in this place.
 G = Mean time per level.
                   A        B        C        D        E       F      G
               +--------+--------+--------+--------+--------+-----+--------+
         Total |   3397 |   3039 |    358 |    673 |   1935 |   4 |  849.2 |
       Dungeon |   3397 |   3039 |    358 |    673 |   1935 |   4 |  849.2 |
               +--------+--------+--------+--------+--------+-----+--------+

Top non-repeatable levels by time:
     D:3: 1603 daAuts
     D:2: 904 daAuts
     D:1: 861 daAuts
     D:4: 27 daAuts

Table legend:
 A = Non-vault XP
 B = Vault XP
 C = Vault XP percentage of total XP
 D = Non-vault monster count
 E = Vault monster count
 F = Vault count percentage of total count
                 A         B        C        D         E       F
            +---------+---------+-------+---------+---------+-------
      Total |     447 |     302 |  40.3 |      70 |       2 |   2.8
            +---------+---------+-------+---------+---------+-------
        D:1 |      28 |       0 |   0.0 |      16 |       0 |   0.0
        D:2 |     122 |      35 |  22.3 |      23 |       1 |   4.2
        D:3 |     250 |     267 |  51.6 |      28 |       1 |   3.4
        D:4 |      47 |       0 |   0.0 |       3 |       0 |   0.0
            +---------+---------+-------+---------+---------+-------
